vaffanculo, chaotic female elven Rogue ------------------- |..........[......| |...------------- - --....| |>%..| --%-..--- --- |.%%).*.--..| --..%.%.....| ------..%....--- ..| |@--......| -.----Y||......| --.....f||......- |.......||......... |.<.-------............ ----- --...|........- --.| ....---- -. ..-- . .. .| -- vaffanculo the Rogue Experience level: 6 Strength: 13 Dexterity: 16 Constitution: 15 Intelligence: 9 Wisdom: 13 Charisma: 10 Health: 0(48) Energy: 34(34) Def: 4 Gold: 174 Moves: 1655 Dungeon seed: CmDySwESMHzdv6FL Game ID: vaffanculo_1527349256 Your Inventory: Coins $ - 174 gold pieces Weapons a - a blessed +0 elven short sword (weapon in hand) i - an uncursed +4 dagger named Righteous Dagger l - 19 uncursed +0 darts t - 9 uncursed +0 elven daggers (in quiver) Armor e - a blessed +1 leather armor (being worn) y - an uncursed +0 orcish helm z - an uncursed +0 dwarvish iron helm N - an uncursed +0 pair of iron shoes W - an uncursed +0 mummy wrapping Y - an uncursed +0 dwarvish roundshield Comestibles c - an uncursed banana j - an uncursed fortune cookie r - 2 uncursed food rations Rings m - an uncursed +1 ring of protection (on left hand) s - a cursed ring of conflict Wands h - an uncursed wand of opening (0:1) w - an uncursed wand of enlightenment (0:11) Tools b - an uncursed sack g - an uncursed blindfold o - an uncursed lock pick U - an uncursed tallow candle (0:200) X - an uncursed bell Z - an uncursed bag of tricks (0:4) Gems n - an uncursed worthless piece of green glass q - 2 uncursed worthless pieces of red glass Contents of the sack: a [uncursed] scroll [of genocide] labeled KERNOD WEL a [uncursed] scroll [of remove curse] labeled FROBOZZ MAGIC SCROLL CO a [uncursed] unlabeled scroll [of blank paper] a [uncursed] fizzy potion [of see invisible] 2 [uncursed] golden potion [of booze]'s an uncursed potion of sickness a [uncursed] white potion [of fruit juice] Spells and supernatural/magical abilities: Name Level Category Fail Memory W - pray for help -- divine ? -- Your skills at the end: Miscellaneous Skills wands [Basic] Weapon Skills dagger [Basic] short sword [Basic] Spellcasting Skills Final Attributes: You were piously aligned. You were sleep resistant. Your writing hand was cramped from overuse. You had infravision. You were somewhat stealthy. You were protected. You are dead. Vanquished creatures: a dwarf lord 3 human zombies a fog cloud 4 gnome lords a kobold mummy a guardian naga hatchling 4 dwarves 2 jitterbugs a hobbit 2 geckos a hobgoblin 15 gnomes a gnome zombie 3 jackals a kobold 3 newts 2 sewer rats 6 grid bugs 2 bats a lichen 2 kobold zombies 57 creatures vanquished. Voluntary challenges: You did not cause conflict. You were not invisible. You did not have reflection. You were not displaced. You used a wielded weapon 68 times, starting on turn 31. You did not apply a unicorn horn. You did not use plumbed fixtures. You did not drink any magical draughts. You read items or engraved 4 times, starting on turn 477. You never genocided any monsters. You never polymorphed an object. You never changed form. You used no wishes. You never split a pudding. You wrote Elbereth's name 2 times, starting on turn 1631. You never violated your personal moral code. Dungeon overview: The Dungeons of Doom: levels 1 to 4 Level 1 a fountain a long staircase Level 2 a general store Level 3 a fountain Level 4 (tesoro) stairs to The Gnomish Mines The Gnomish Mines: levels 5 to 7 Level 5 (penso che non si debba andare qua al livello 1-3) stairs to The Dungeons of Doom Level 6 <- You were here Level 7 History has recorded: On T:1 you entered the Dungeons of Doom to retrieve the Amulet of Yendor! On T:280 you reached level 2 of The Dungeons of Doom. On T:601 you reached level 3 of The Dungeons of Doom. On T:612 you advanced to experience level 2. On T:934 you reached level 4 of The Dungeons of Doom. On T:949 you advanced to experience level 3. On T:1200 you advanced to experience level 4. On T:1316 you reached level 1 of The Gnomish Mines. On T:1374 you advanced to experience level 5. On T:1457 you reached level 2 of The Gnomish Mines. On T:1531 you reached level 3 of The Gnomish Mines. On T:1566 you advanced to experience level 6. On T:1646 you prayed to Kos. Score breakdown: Gold: 174 ( 17 points) Experience: 6 levels ( 500 points) Exploration: 7 levels ( 180 points) Discoveries: 11 items ( 550 points) Variety of kills: 21 monsters ( 1050 points) Major goal: (nothing yet) ( 0 points) Survival: died (score multiplied by 3) Total score: 6891 Latest messages: You write in the dust with an uncursed wand of opening (0:1). Your writing hand is beginning to cramp. You manage to get your message written, but the effort is draining. Your movements are slowed slightly because of your load. The ape turns to flee! The ape claws you! The ape misses. The ape bites! You begin praying to Kos. You are surrounded by a shimmering light. The ape starts to attack you, but pulls back. (3x) You feel that Kos is well-pleased. Please move the cursor to an unknown object. An ape [seen: normal vision, infravision] on the floor of a room. Please move the cursor to an unknown object. Never mind. The ape claws you! (2x) The ape just misses! The ape claws you! (2x) The ape bites! You die... Final status: Goodbye vaffanculo the Rogue, killed by an ape... You died in The Gnomish Mines on dungeon level 6 with 5991 points, and 174 pieces of gold, after 1655 moves. You were level 6 with a maximum of 48 hit points when you died.